 Dungeon Crawl Stone Soup version 0.32-a0-42-ga30500b (webtiles) character file.

Game seed: 529386477466476681

3 Dorkslayer the Ruffian (level 1, 0/13 HPs)
             Began as an Octopode Shapeshifter on Jan 28, 2024.
             Slain by a hobgoblin (1 damage)
             ... on level 1 of the Dungeon.
             The game lasted 00:00:14 (85 turns).

Dorkslayer the Ruffian (Octopode Shapeshifter)        Turns: 85, Time: 00:00:15

Health: 0/13       AC:  1    Str: 13    XL:     1   Next: 50%
Magic:  1/1        EV: 13    Int: 12    God:
Gold:   26         SH:  0    Dex: 11    Spells: 0/0 levels left

rFire   . .          .
                       - Unarmed
rCold   . . .        (no shield)
rNeg    . . .        (helmet currently unavailable)
rPois   .            (no amulet)
rElec   .            (no ring)
rCorr   .            (no ring)
SInv    .            (no ring)
Will    .....        (no ring)
Stlth   ++           (no ring)
HPRegen 0.22/turn    (no ring)
MPRegen 0.07/turn    (no ring)
                     (no ring)

%: no passive effects
@: beast-form
A: beast (slay +1), almost no armour, amphibious, 8 rings, camouflage 1,
gelatinous body 1, (nimble swimmer 1), tentacles
a: Begin Untransformation


You were on level 1 of the Dungeon.
You were a hulking beast.
You visited 1 branch of the dungeon, and saw 1 of its levels.

You collected 26 gold pieces.

Inventory:

Talismans
 b - a beast talisman
 c - a flux talisman
Scrolls
 f - a scroll of revelation {unknown}
Potions
 a - a potion of lignification
 d - a potion of curing {unknown}
 e - a potion of brilliance {unknown}


   Skills:
 + Level 1.0 Fighting
 + Level 2.0 Dodging
 * Level 3.1 Unarmed Combat
 + Level 3.1 Shapeshifting


You couldn't memorise any spells.
You didn't know any spells.
Your spell library was empty.

Dungeon Overview and Level Annotations

Branches:
Dungeon (1/15)

Altars:


Innate Abilities, Weirdness & Mutations

You are a hulking beast.
Your limbs bulge with bestial killing power. (Slay +1)
You cannot wear most types of armour.
You are amphibious.
You can wear up to eight rings at the same time.
Your skin changes colour to match your surroundings (Stealth+).
Your rubbery body absorbs attacks. (AC +1, EV +1)
((You are camouflaged when in or above water. (Stealth+)))
You have tentacles for arms and can constrict up to eight enemies at once.


Message History

e - a white potion You see here a scroll labelled TENEVIA BEAZYI.
You see here a scroll labelled TENEVIA BEAZYI.
f - a scroll labelled TENEVIA BEAZYI A kobold comes into view.
It is wielding a +0 short sword.
Found 11 gold pieces.
A dart slug comes into view.
The goblin shouts!
You hear a shout! x2
The goblin barely misses you.
You tentacle-slap the goblin.
You kill the goblin!
The dart slug launches a dart at you. The slug dart hits you.
Things that are here:
a +0 dagger; a goblin corpse The kobold hits you with a +0 short sword.
You bludgeon the kobold!
You kill the kobold!
A hobgoblin comes into view.
Things that are here:
a +0 short sword; 3 stones; a kobold corpse The hobgoblin attacks as it pursues you!
The hobgoblin hits you.
* * * LOW HITPOINT WARNING * * *
The dart slug launches a dart at you. The slug dart misses you.
The slug dart hits the hobgoblin.
You completely miss the dart slug. Your grab misses the dart slug.
You squeeze the dart slug.
The dart slug is heavily wounded.
The hobgoblin hits you.
* * * LOW HITPOINT WARNING * * *
You tentacle-slap the dart slug. Your grab misses the dart slug.
You tentacle-slap the dart slug, but do no damage.
The dart slug is almost dead.
The dart slug misses you. The hobgoblin hits you.
* * * LOW HITPOINT WARNING * * *
You closely miss the hobgoblin. Your grab misses the hobgoblin.
The hobgoblin is heavily wounded.
The hobgoblin hits you.
You die...
P.P

. ♣#.#.###.##
♣.♣♣.♣♣.......>..
♣♣P..♣♣.....#####. #
#.♣♣.♣......# #. #.
###.#...##....# #.
#................# #.
##...##.#.#.##.#..#####.
........)...##..........
......whg.)$..##........
...#..#####...###.####.#
#. #...# #.#..... #
..........≈≈≈≈
#...##...≈≈... .....
..≈≈.... ...##.≈≈..8.<
...# .≈...... .≈.....♣


You could see a dart slug and a hobgoblin.

Vanquished Creatures
  2 goblins (D:1)
  A kobold (D:1)
3 creatures vanquished.

Notes
Turn   | Place    | Note
-------+----------+-------------------------------------------
     0 | D:1      | Dorkslayer the Octopode Shapeshifter began the quest for
                  | the Orb.
     0 | D:1      | Reached XP level 1. HP: 13/13 MP: 1/1
    85 | D:1      | Slain by a hobgoblin

Illustrated notes

Levels and vault maps discovered:
D:1:      moated_graveyard_arrival, layout_loops_ring, serial_forest,
          infiniplex_forest_straight_2, infiniplex_forest_lined_ring,
          infiniplex_forest_clump_medium, infiniplex_forest_clump_medium,
          infiniplex_forest_clump_double, infiniplex_forest_straight_3,
          infiniplex_forest_3_way, infiniplex_forest_straight_2,
          chequers_ecumenical_altar_island

Action                     || total
---------------------------++-------
  Melee: Unarmed           ||     6
         Constrict         ||     1
         Punch             ||     1
         Tentacles         ||     1
 Armour: Skin              ||     6
  Dodge: Dodged            ||     3

Table legend: (Time is in decaauts)
 A = Elapsed time spent in this place.
 B = Non-inter-level travel time spent in this place.
 C = Inter-level travel time spent in this place.
 D = Time resting spent in this place.
 E = Time spent auto-exploring this place.
 F = Levels seen in this place.
 G = Mean time per level.
                   A        B        C        D        E       F      G
               +--------+--------+--------+--------+--------+-----+--------+
         Total |     84 |     84 |      0 |      0 |     49 |   1 |   84.0 |
       Dungeon |     84 |     84 |      0 |      0 |     49 |   1 |   84.0 |
               +--------+--------+--------+--------+--------+-----+--------+

Top non-repeatable levels by time:
     D:1: 84 daAuts
